 Dungeon Crawl Stone Soup version 0.23.0-3-gf3c87f2df8 (webtiles) character file.

Game seed: 11720108044907009062

422 Jannitor the Ruffian (level 6, -9/61 HPs)
             Began as a Troll Fire Elementalist on Feb 24, 2019.
             Killed from afar by a hobgoblin (12 damage)
             ... with a wand of acid (4)
             ... led by Robin
             ... on level 3 of the Dungeon.
             The game lasted 00:02:36 (2083 turns).

Jannitor the Ruffian (Troll Fire Elementalist)      Turns: 2083, Time: 00:02:36

Health: -9/61      AC:  6    Str: 17    XL:     6   Next: 63%
Magic:  6/6        EV: 10    Int: 11    God:
Gold:   87         SH:  0    Dex: 12    Spells: 6/7 levels left

rFire    . . .     SeeInvis .     - Unarmed
rCold    . . .     Gourm    +   (no shield)
rNeg     . . .     Faith    .   a - +0 robe
rPois    .         Spirit   .   (helmet restricted)
rElec    .         Reflect  .   (no cloak)
rCorr    .         Harm     .   (gloves unavailable)
MR       .....                  (boots unavailable)
Stlth    ++........             (no amulet)
HPRegen  0.60/turn              (no ring)
MPRegen  0.10/turn              (no ring)

@: no status effects
A: large, unfitting armour, claws 3, fast metabolism 3, gourmand, mutation
resistance 1, regeneration 1, shaggy fur 1, tough skin 3
a: no special abilities


You were on level 3 of the Dungeon.
You were very full.

You visited 1 branch of the dungeon, and saw 3 of its levels.

You collected 87 gold pieces.

Inventory:

Armour
 a - a +0 robe (worn)
Scrolls
 b - 3 scrolls of identify {unknown}
 d - 2 scrolls of remove curse {unknown}
 f - a scroll of enchant armour {unknown}
 g - 2 scrolls of teleportation {unknown}
 i - a scroll of immolation {unknown}
 j - a scroll of enchant weapon {unknown}
Potions
 e - a potion of flight
 h - a potion of brilliance {unknown}
Comestibles
 c - 4 rations
 k - 7 chunks of flesh


   Skills:
 + Level 3.0 Fighting
 - Level 1.6 Dodging
 - Level 1.0 Stealth
 * Level 5.4 Unarmed Combat
 - Level 1.2 Spellcasting
 - Level 0.6 Conjurations
 - Level 2.2 Fire Magic


You had 6 spell levels left.
You knew the following spells:

 Your Spells              Type           Power        Failure   Level  Hunger
a - Flame Tongue          Conj/Fire      #....        17%         1    ##.....

Your spell library contained the following spells:

 Spells                   Type           Power        Failure   Level  Hunger
 Throw Flame              Conj/Fire      #.....       26%         2    ###....
 Animate Skeleton         Necr           N/A          32%         1    ##.....
 Apportation              Tloc           #.....       32%         1    ##.....
 Confusing Touch          Hex            #.....       32%         1    ##.....
 Summon Small Mammal      Summ           #...         32%         1    ##.....
 Conjure Flame            Conj/Fire      #.......     45%         3    ####...
 Inner Flame              Hex/Fire       #.......     52%         3    ####...
 Sticky Flame             Conj/Fire      #.......     86%         4    #####..
 Fireball                 Conj/Fire      #.........   99%         5    ######.


Dungeon Overview and Level Annotations

Branches:
Dungeon (3/15)

Altars:

Annotations:
D:3 Ijyb, Robin


Innate Abilities, Weirdness & Mutations

You are too large for most types of armour.
You have claws for hands.
Your metabolism is lightning-fast.
You like to eat raw meat.
Your natural rate of healing is unusually fast.
You are covered in fur. (AC +1)
You have extremely tough skin. (AC +3)
You are somewhat resistant to further mutation.


Message History

You claw the goblin!
You kill the goblin!
A goblin and Ijyb come into view.
Ijyb shouts!
The hobgoblin zaps a wand.
The bolt of acid hits you!!
You are splashed with acid!
Things that are here:
a +0 club; 9 gold pieces You are too injured to fight recklessly!
Unknown command.
The hobgoblin zaps a wand.
The bolt of acid hits you!
* * * LOW HITPOINT WARNING * * *
You are splashed with acid!
* * * LOW HITPOINT WARNING * * *
Things that are here:
an adder skeleton; a bat skeleton
Found a ration and a scroll labeled GEJADU NEXUSCH.
You see here a hobgoblin corpse.
The hobgoblin zaps a wand.
The bolt of acid hits you!
You die...

......# [.....# ......#
## ......# #. ......####
#. ?. ..>......######.#
...
..............#.####..%.
######..####()..........
##...##.###@...(...
#.#...gg֠........
#.###g####........
...w..# ###..#.## #...g.
..# # . ....gw. ..#
##....g .# #).... .#
##....


You could see Robin and 2 hobgoblins.

Vanquished Creatures
  Grinder (D:3)
  Jessica (D:3)
  Natasha (D:3)
  An iguana (D:3)
  6 gnolls (D:2)
  5 adders
  A dart slug (D:1)
  A giant cockroach (D:1)
  5 hobgoblins
  3 jackals (D:3)
  2 kobolds
  A quokka (D:3)
  8 bats
  A frilled lizard (D:1)
  9 goblins
  3 rats (D:1)
49 creatures vanquished.

Notes
Turn   | Place    | Note
-------+----------+-------------------------------------------
     0 | D:1      | Jannitor the Troll Fire Elementalist began the quest for
                  | the Orb.
     0 | D:1      | Reached XP level 1. HP: 16/16 MP: 1/1
   158 | D:1      | Reached skill level 1 in Unarmed Combat
   158 | D:1      | Reached XP level 2. HP: 26/26 MP: 2/2
   928 | D:2      | Reached skill level 1 in Fighting
   928 | D:2      | Reached skill level 2 in Unarmed Combat
  1069 | D:2      | Reached XP level 3. HP: 33/33 MP: 3/3
  1236 | D:2      | Reached XP level 4. HP: 33/41 MP: 4/4
  1266 | D:2      | Reached skill level 3 in Unarmed Combat
  1855 | D:3      | Noticed Grinder
  1856 | D:3      | Noticed Natasha
  1862 | D:3      | Gained mutation: You are somewhat resistant to further
                  | mutation. [potion of mutation]
  1879 | D:3      | Killed Grinder
  1879 | D:3      | Reached skill level 4 in Unarmed Combat
  1879 | D:3      | Reached XP level 5. HP: 4/50 MP: 5/5
  1879 | D:3      | Reached XP level 6. HP: 5/59 MP: 6/6
  1884 | D:3      | Killed Natasha
  1884 | D:3      | Reached skill level 5 in Unarmed Combat
  2002 | D:3      | Noticed Jessica
  2017 | D:3      | Killed Jessica
  2069 | D:3      | Noticed Robin
  2079 | D:3      | Noticed Ijyb
  2080 | D:3      | HP: 1/61 [acid[Robin] (14)]
  2083 | D:3      | Killed from afar by a hobgoblin

Skill      XL: |  1  2  3  4  5  6 |
---------------+-------------------+-----
Unarmed Combat | 1 2 4 5 |  5.4
Fighting       | 1 2 3 |  3.0
Dodging        | |  1.6
Stealth        | |  1.0
Spellcasting   | |  1.2
Conjurations   | |  0.6
Fire Magic     | |  2.2

Action                   |  1- 3 |  4- 6 || total
-------------------------+-------+-------++-------
Melee: Unarmed           |    84 |    89 ||   173
       Punch             |       |     1 ||     1
  Use: Potion            |     2 |     4 ||     6
 Stab: Sleeping          |     1 |       ||     1
  Eat: Chunk             |    14 |    10 ||    24
Armor: Robe              |    30 |    32 ||    62
       Skin              |    39 |       ||    39
Dodge: Dodged            |    38 |    43 ||    81
